 Dungeon Crawl Stone Soup version 0.31-a0-174-g85c54bcb58 (webtiles) character file.

Game seed: 928365742369937040

385 qw the Shooter (level 6, -3/58 HPs)
             Began as a Naga Hunter on June 15, 2023.
             Was an Initiate of Okawaru.
             Slain by a gnoll sergeant
             ... wielding a +0 trident
              (25 damage)
             ... on level 4 of the Dungeon.
             The game lasted 00:01:12 (3323 turns).

qw the Shooter (Naga Hunter)                        Turns: 3323, Time: 00:01:13

Health: -3/58      AC:  3    Str: 13    XL:     6   Next: 77%
Magic:  6/6        EV:  9    Int: 10    God:    Okawaru [......]
Gold:   203        SH:  0    Dex: 16    Spells: 5/5 levels left

rFire   . . .        Y - +1 shortbow (chaos)
rCold   . . .        (shield currently unavailable)
rNeg    . . .        c - +0 leather armour
rPois   +            (no helmet)
rElec   .            (no cloak)
rCorr   .            (no gloves)
SInv    +            (no barding)
Will    .....        (no amulet)
Stlth   ++           (no ring)
HPRegen 0.29/turn    (no ring)
MPRegen 0.10/turn

%: no passive effects
@: very slow
A: AC +2, large, see invisible, deformed body, poison resistance, slowness 2,
spit poison 1, naga tail 1
a: Spit Poison, Renounce Religion


You were on level 4 of the Dungeon.
You worshipped Okawaru.
Okawaru was noncommittal.
You visited 2 branches of the dungeon, and saw 5 of its levels.

You collected 203 gold pieces.


Innate Abilities, Weirdness & Mutations

Your serpentine skin is tough. (AC +2)
You have supernaturally acute eyesight. (SInv)
Armour fits poorly on your strangely shaped body.
Your system is resistant to poisons. (rPois)
You cover ground very slowly.
You can spit poison.
You have a snake-like lower body.


   Skills:
 - Level 4.4 Fighting
 + Level 6.1 Ranged Weapons
 - Level 1.5 Dodging
 - Level 1.5 Stealth


You had 5 spell levels left.
You didn't know any spells.
Your spell library was empty.

Inventory:

Hand Weapons
 Y - a +1 shortbow of chaos (weapon)
Armour
 c - a +0 leather armour (worn)
Jewellery
 b - an amulet of regeneration
Scrolls
 a - a scroll of identify
 h - a scroll of noise {unknown}
Potions
 d - a potion of magic {unknown}
 e - a potion of heal wounds {unknown}
 f - a potion of experience {unknown}
 g - a potion of enlightenment {unknown}

Dungeon Overview and Level Annotations

Branches:
Dungeon (4/15)             Temple (1/1) D:4

Altars:
Ashenzari
Dithmenos
Elyvilon
Gozag
Hepliaklqana
Makhleb
Nemelex Xobeh
Okawaru
Qazlal
Ru
Trog
Uskayaw
Vehumet
Wu Jian
Xom
Yredelemnul
Zin
The Shining One


Message History

Enter note:
Enter note:
3316 ||| Stepping ~*~*~tactically~*~*~ (outnumbered).
3317 ||| INVOKING Spit Poison.
Aiming: Spit Poison (1% risk of failure)
Press: ? - help, Shift-Dir - straight line, f - gnoll sergeant The splash of poison hits the gnoll sergeant.
The gnoll sergeant is poisoned.
The gnoll sergeant is lightly wounded.
You shoot an arrow.
The arrow hits the gnoll sergeant but does no damage.
The gnoll sergeant easily resists.
The gnoll sergeant is lightly wounded.
You hear a shout!
The gnoll sergeant hits you from afar with a +0 trident.
The gnoll sergeant hits you from afar with a +0 trident!
You shoot an arrow. The arrow hits the gnoll sergeant.
The gnoll sergeant is moderately wounded.
The gnoll sergeant hits you from afar with a +0 trident!
You shoot an arrow.
The arrow hits the gnoll sergeant but does no damage.
The gnoll sergeant is moderately wounded.
The gnoll sergeant hits you from afar with a +0 trident.
You shoot an arrow.
The arrow hits the gnoll sergeant but does no damage.
The gnoll sergeant is moderately wounded.
The gnoll sergeant barely misses you.
You shoot an arrow.
The arrow hits the gnoll sergeant but does no damage.
The gnoll sergeant goes berserk!
The gnoll sergeant is heavily wounded.
The gnoll sergeant looks more healthy.
The gnoll sergeant hits you from afar with a +0 trident!
The gnoll sergeant closely misses you.
You shoot an arrow. The arrow hits the gnoll sergeant.
The arrow freezes the gnoll sergeant.
The gnoll sergeant is heavily wounded.
You have got your breath back.
The gnoll sergeant hits you from afar with a +0 trident!!
You die...

............#
..#######...# ###
##..# #### #..# ...#
#..####### )#.#
#........##
.#.#######.###.....#
.#........#........#
##########.###..@..#
### #.# ##....# ..#
#.# ##.#g#
..########.#####.#g#
.................#.#
.................#g#
..##############.#.#
#.# ########.#g# #.#
#...........#g#


You could see a gnoll sergeant (berserk) and a gnoll.

Vanquished Creatures
  Blork the orc (D:4)
  2 orc priests (D:3)
  3 hounds (D:4)
  7 adders
  3 dart slugs
  5 orcs (D:3)
  8 bats
  6 endoplasms
  3 giant cockroaches
  8 goblins
  13 hobgoblins
  8 jackals
  8 kobolds
  2 quokkas
  4 ball pythons
  10 frilled lizards
  7 rats
98 creatures vanquished.

Notes
Turn   | Place    | Note
-------+----------+-------------------------------------------
     0 | D:1      | qw the Naga Hunter began the quest for the Orb.
     0 | D:1      | Reached XP level 1. HP: 19/19 MP: 1/1
     0 | D:1      | 0 ||| qw: Version: 0.2-a-29-g511e9b1
     0 | D:1      | 0 ||| qw: Game counter: 5291
     0 | D:1      | 0 ||| qw: Always use a shield: true
     0 | D:1      | 0 ||| qw: God list: Okawaru
     0 | D:1      | 0 ||| qw: Allow faded altars: false
     0 | D:1      | 0 ||| qw: Do Orc after D:15 true
     0 | D:1      | 0 ||| qw: Do second Lair branch before Depths: true
     0 | D:1      | 0 ||| qw: Lair rune preference: random
     0 | D:1      | 0 ||| qw: Plans: Normal
     0 | D:1      | 0 ||| PLANNING D:1-11
    20 | D:1      | 20 ||| INVOKING Spit Poison.
    30 | D:1      | 30 ||| INVOKING Spit Poison.
    33 | D:1      | 33 ||| INVOKING Spit Poison.
   107 | D:1      | 107 ||| INVOKING Spit Poison.
   118 | D:1      | Found a faded altar of an unknown god.
   120 | D:1      | 120 ||| INVOKING Spit Poison.
   123 | D:1      | 123 ||| INVOKING Spit Poison.
   126 | D:1      | Reached skill level 4 in Ranged Weapons
   126 | D:1      | Reached XP level 2. HP: 25/26 MP: 2/2
   134 | D:1      | 134 ||| INVOKING Spit Poison.
   160 | D:1      | 160 ||| INVOKING Spit Poison.
   236 | D:1      | 236 ||| INVOKING Spit Poison.
   313 | D:1      | 313 ||| FLEEEEING.
   314 | D:1      | 314 ||| FLEEEEING.
   316 | D:1      | 316 ||| FLEEEEING.
   317 | D:1      | 317 ||| FLEEEEING.
   325 | D:1      | 325 ||| INVOKING Spit Poison.
   356 | D:1      | 356 ||| INVOKING Spit Poison.
   361 | D:1      | 361 ||| INVOKING Spit Poison.
   369 | D:1      | Reached XP level 3. HP: 32/32 MP: 3/3
   380 | D:1      | 380 ||| INVOKING Spit Poison.
   386 | D:1      | 386 ||| INVOKING Spit Poison.
   396 | D:1      | 396 ||| INVOKING Spit Poison.
   405 | D:1      | 405 ||| INVOKING Spit Poison.
   433 | D:1      | 433 ||| INVOKING Spit Poison.
   452 | D:1      | 452 ||| INVOKING Spit Poison.
   476 | D:1      | 476 ||| INVOKING Spit Poison.
   481 | D:1      | 481 ||| DROPPING +2 antimagic sling.
   535 | D:1      | 535 ||| INVOKING Spit Poison.
   625 | D:1      | 625 ||| READING 2 scrolls labelled LEAFUI XITTETH.
   626 | D:1      | 626 ||| DROPPING scroll of butterflies.
   645 | D:2      | 645 ||| INVOKING Spit Poison.
   664 | D:2      | 664 ||| INVOKING Spit Poison.
   732 | D:2      | 732 ||| INVOKING Spit Poison.
   741 | D:2      | 741 ||| INVOKING Spit Poison.
   746 | D:2      | 746 ||| INVOKING Spit Poison.
   766 | D:2      | 766 ||| INVOKING Spit Poison.
   795 | D:2      | 795 ||| INVOKING Spit Poison.
   803 | D:2      | Found an opulent altar of Gozag.
   810 | D:2      | 810 ||| INVOKING Spit Poison.
   815 | D:2      | Reached skill level 5 in Ranged Weapons
   816 | D:2      | Reached XP level 4. HP: 39/39 MP: 4/4
   817 | D:2      | 817 ||| INVOKING Spit Poison.
   824 | D:2      | 824 ||| INVOKING Spit Poison.
   828 | D:2      | 828 ||| INVOKING Spit Poison.
   834 | D:2      | 834 ||| INVOKING Spit Poison.
   902 | D:2      | 902 ||| INVOKING Spit Poison.
  1012 | D:2      | 1012 ||| INVOKING Spit Poison.
  1018 | D:2      | 1018 ||| INVOKING Spit Poison.
  1063 | D:2      | 1063 ||| INVOKING Spit Poison.
  1083 | D:2      | 1083 ||| INVOKING Spit Poison.
  1095 | D:2      | 1095 ||| INVOKING Spit Poison.
  1126 | D:2      | 1126 ||| INVOKING Spit Poison.
  1128 | D:2      | Reached skill level 3 in Fighting
  1176 | D:2      | 1176 ||| INVOKING Spit Poison.
  1416 | D:2      | 1416 ||| READING scroll labelled WEMOMOIRCHU.
  1417 | D:2      | 1417 ||| READING scroll labelled ZUAJIM KINKOI.
  1439 | D:3      | 1439 ||| INVOKING Spit Poison.
  1458 | D:3      | 1458 ||| INVOKING Spit Poison.
  1506 | D:3      | 1506 ||| INVOKING Spit Poison.
  1511 | D:3      | 1511 ||| INVOKING Spit Poison.
  1512 | D:3      | Reached XP level 5. HP: 48/49 MP: 5/5
  1550 | D:3      | 1550 ||| INVOKING Spit Poison.
  1639 | D:3      | 1639 ||| INVOKING Spit Poison.
  1645 | D:3      | 1645 ||| INVOKING Spit Poison.
  1646 | D:3      | 1646 ||| INVOKING Spit Poison.
  1745 | D:3      | 1745 ||| INVOKING Spit Poison.
  1748 | D:3      | 1748 ||| Stepping ~*~*~tactically~*~*~ (outnumbered).
  1749 | D:3      | 1749 ||| INVOKING Spit Poison.
  1754 | D:3      | 1754 ||| INVOKING Spit Poison.
  1761 | D:3      | 1761 ||| INVOKING Spit Poison.
  1765 | D:3      | 1765 ||| INVOKING Spit Poison.
  2051 | D:3      | 2051 ||| INVOKING Spit Poison.
  2079 | D:3      | 2079 ||| INVOKING Spit Poison.
  2083 | D:3      | 2083 ||| INVOKING Spit Poison.
  2101 | D:3      | 2101 ||| INVOKING Spit Poison.
  2230 | D:3      | Found a white marble altar of Elyvilon.
  2232 | D:3      | 2232 ||| INVOKING Spit Poison.
  2237 | D:3      | 2237 ||| INVOKING Spit Poison.
  2241 | D:3      | 2241 ||| READING scroll labelled VAHIOBU ROFA.
  2323 | D:3      | 2323 ||| READING scroll labelled LYUKKIRAODGH.
  2324 | D:3      | 2324 ||| READING scroll labelled UFOGOOCLUT.
  2325 | D:3      | 2325 ||| READING scroll labelled OPLAMACEMP.
  2326 | D:3      | 2326 ||| READING scroll labelled UNWUAR QUT.
  2330 | D:3      | 2330 ||| READING scroll labelled WETYEDA MEXE.
  2331 | D:3      | 2331 ||| READING scroll labelled TAS UCASERU.
  2367 | D:4      | 2367 ||| INVOKING Spit Poison.
  2369 | D:4      | Reached skill level 6 in Ranged Weapons
  2369 | D:4      | Reached XP level 6. HP: 55/56 MP: 6/6
  2373 | D:4      | 2373 ||| INVOKING Spit Poison.
  2394 | D:4      | 2394 ||| INVOKING Spit Poison.
  2433 | D:4      | 2433 ||| INVOKING Spit Poison.
  2437 | D:4      | 2437 ||| INVOKING Spit Poison.
  2442 | D:4      | 2442 ||| INVOKING Spit Poison.
  2518 | D:4      | 2518 ||| INVOKING Spit Poison.
  2521 | D:4      | 2521 ||| INVOKING Spit Poison.
  2542 | D:4      | Found a staircase to the Ecumenical Temple.
  2543 | D:4      | 2543 ||| PLANNING TEMPLE
  2544 | D:4      | 2544 ||| READING 2 scrolls of identify.
  2544 | D:4      | 2544 ||| IDENTIFYING puce potion
  2545 | D:4      | 2545 ||| DROPPING potion of invisibility.
  2554 | Temple   | Entered the Ecumenical Temple
  2620 | Temple   | 2620 ||| PLANNING OKAWARU WORSHIP
  2853 | Temple   | Became a worshipper of Warmaster Okawaru
  2854 | Temple   | 2854 ||| PLANNING D:1-11
  2970 | D:4      | 2970 ||| INVOKING Spit Poison.
  2988 | D:4      | 2988 ||| INVOKING Spit Poison.
  3018 | D:4      | 3018 ||| INVOKING Spit Poison.
  3027 | D:4      | 3027 ||| INVOKING Spit Poison.
  3031 | D:4      | 3031 ||| INVOKING Spit Poison.
  3117 | D:4      | Noticed Blork the orc
  3121 | D:4      | 3121 ||| INVOKING Spit Poison.
  3124 | D:4      | Killed Blork the orc
  3316 | D:4      | 3316 ||| Stepping ~*~*~tactically~*~*~ (outnumbered).
  3317 | D:4      | 3317 ||| INVOKING Spit Poison.
  3323 | D:4      | Slain by a gnoll sergeant

Levels and vault maps discovered:
D:1:      dpeg_arrival_long_road, layout_basic, ebering_ecumenical_altar_webs
D:2:      layout_basic, basic_altar, minmay_lizard_pond
D:3:      layout_loops_ring, nicolae_elyvilon_temple_path,
          hangedman_decor_growths
D:4:      layout_loops_ring, minmay_temple_entry_overgrown, uniq_blork_the_orc
Temple:   minmay_temple_bridge_d

Skill      XL: |  1  2  3  4  5  6 |
---------------+-------------------+-----
Ranged Weapons | 4 5 6 |  6.1
Fighting       | 3 4 |  4.4
Dodging        | |  1.5
Stealth        | |  1.5

Action                     |  1- 3 |  4- 6 || total
---------------------------+-------+-------++-------
   Fire: Shortbow          |    55 |   114 ||   169
Ability: Spit Poison       |    28 |    45 ||    73
    Use: Scroll            |     1 |    10 ||    11
 Armour: Leather armour    |     3 |    14 ||    17
  Dodge: Dodged            |    10 |    40 ||    50

Table legend:
 A = Non-vault XP
 B = Vault XP
 C = Vault XP percentage of total XP
 D = Non-vault monster count
 E = Vault monster count
 F = Vault count percentage of total count
                 A         B        C        D         E       F
            +---------+---------+-------+---------+---------+-------
      Total |     446 |     105 |  19.1 |      91 |       7 |   7.1
            +---------+---------+-------+---------+---------+-------
        D:1 |      51 |       0 |   0.0 |      29 |       0 |   0.0
        D:2 |      89 |       6 |   6.3 |      24 |       6 |  20.0
        D:3 |     163 |       0 |   0.0 |      25 |       0 |   0.0
        D:4 |     143 |      99 |  40.9 |      13 |       1 |   7.1
            +---------+---------+-------+---------+---------+-------
